 Dungeon Crawl Stone Soup version 0.22-a0-362-g535178c (webtiles) character file.

3602 Kikal the Arsonist (level 9, -3/37 HPs)
             Began as a Felid Fire Elementalist on Apr 19, 2018.
             Was a High Priest of Sif Muna.
             Slain by a six-headed hydra (5 damage)
             ... on level 2 of the Lair of Beasts.
             The game lasted 00:58:09 (18012 turns).

Kikal the Arsonist (Felid Fire Elementalist)       Turns: 18012, Time: 00:58:10

Health: -3/37      AC:  2    Str:  4    XL:     9   Next: 86%
Magic:  1/19       EV: 18    Int: 20    God:    Sif Muna [*****.]
Gold:   706        SH:  0    Dex: 17    Spells: 4/20 levels left
                                        Lives:  0   Deaths: 3

rFire    + . .     SeeInvis +   (weapon unavailable)
rCold    . . .     Gourm    .   (shield unavailable)
rNeg     . . .     Faith    .   (armour unavailable)
rPois    .         Spirit   .   (helmet unavailable)
rElec    .         Reflect  .   (cloak unavailable)
rCorr    .         Harm     .   (gloves unavailable)
MR       ++...                  (boots unavailable)
Stlth    +++.......             (no amulet)
HPRegen  0.12/turn              d - ring of protection from magic
MPRegen  0.16/turn              v - ring of protection from fire

@: no casting, quick
A: very small, no armour, no weapons or thrown items, stealth, claws 1, fangs 3,
see invisible, carnivore, speed 1, shaggy fur 2, slow metabolism 1, sharp paws
a: Stop Divine Energy, Channel Magic, Forget Spell, Renounce Religion


You were on level 2 of the Lair of Beasts.
You worshipped Sif Muna.
Sif Muna was extremely pleased with you.
You were full.

You visited 2 branches of the dungeon, and saw 12 of its levels.

You collected 706 gold pieces.

Inventory:

Jewellery
 d - a ring of protection from magic (left paw)
 l - an uncursed amulet of guardian spirit
 m - a cursed ring of loudness {unknown}
 v - a ring of protection from fire (right paw)
Wands
 p - a wand of paralysis (15)
 t - a wand of random effects (30)
Scrolls
 a - a scroll of amnesia
 f - 2 scrolls of identify
 g - 2 scrolls of remove curse
 h - 2 scrolls of teleportation
 i - 2 scrolls of magic mapping
 j - a scroll of fear
 k - a scroll of blinking
Potions
 c - 5 potions of curing
 e - a potion of agility {unknown}
 n - a potion of cancellation
 o - 3 potions of flight
 q - 4 potions of haste
 s - a potion of heal wounds
 u - a potion of magic
 A - a potion of ambrosia
Comestibles
 b - 30 rations


   Skills:
 - Level 2.5 Fighting
 - Level 2.6 Dodging
 - Level 5.0 Stealth
 + Level 0.6 Unarmed Combat
 + Level 6.3 Spellcasting
 * Level 9.7 Conjurations
 - Level 3.1 Hexes
 - Level 10.0 Fire Magic


You had 4 spell levels left.
You knew the following spells:

 Your Spells              Type           Power        Failure   Level  Hunger
a - Flame Tongue          Conj/Fire      #####        1%          1    None
b - Throw Flame           Conj/Fire      #####.       1%          2    None
c - Conjure Flame         Conj/Fire      #####...     1%          3    ##.....
d - Sticky Flame          Conj/Fire      #####...     1%          4    ####...
e - Fireball              Conj/Fire      #####.....   4%          5    #####..
f - Confusing Touch       Hex            ###...       2%          1    None


Dungeon Overview and Level Annotations

Branches:
Dungeon (10/15)            Temple (0/1) D:5            Lair (2/6) D:10
  Swamp (0/4) Lair:2          Orc (0/2) D:10
  Snake: Lair:2-4    Spider: Lair:2-4

Altars:
Fedhas
Kikubaaqudgha
Nemelex Xobeh
Ru
Sif Muna

Shops:
D:5 (   D:6 *   D:10 [[?


Innate Abilities, Weirdness & Mutations

You cannot wear armour.
You are incapable of wielding weapons or throwing items.
Your paws allow you to move quietly. (Stealth)
You have sharp claws.
You have razor-sharp teeth.
You have supernaturally acute eyesight. (SInv)
You are carnivorous and can eat meat at any time.
You cover ground quickly.
You are covered in thick fur. (AC +2)
You have a slow metabolism.
Your sharp claws are effective at attacking unaware monsters.


Message History

The puff of flame hits the six-headed hydra.
You now have 8/19 mp.
The fireball explodes!
The fireball engulfs the six-headed hydra.
The fireball engulfs the porcupine.
You hear a bellow!
You hear a chilling moan.
You hear an angry hiss.
You now have 3/19 mp.
Unknown command.
Aim: a six-headed hydra (severely wounded)
The sticky flame hits the six-headed hydra.
The six-headed hydra is covered in liquid flames!
Sif Muna grants you divine energy.
You briefly lose access to your magic!
The six-headed hydra burns!
The six-headed hydra closely misses you.
The six-headed hydra bites you!
The six-headed hydra completely misses you.
The six-headed hydra bites you!!
* * * LOW HITPOINT WARNING * * *
The six-headed hydra bites you.
You die...

...##.##...###....
.P##.....
..#......
......P..
###l.......
##.#(.....>..
#.#....#.....
###...###.P...
#.#...@...?..#
###.....D...P##
##........r..P#
.##.......#.......
....>..........#..
.##.##.##...### .
..####.....#..#
#....PP.......#
?.......<....P#


You could see a six-headed hydra (burning), a komodo dragon and a porcupine.

Vanquished Creatures
  A two-headed ogre (D:7)
  A komodo dragon (D:10)
  A rime drake (Lair:1)
  A hornet (D:9)
  4 hippogriffs
  Sigmund (D:2)
  2 steam dragons (D:7)
  4 wargs (D:10)
  Edmund (D:4)
  2 porcupines (Lair:1)
  A soldier ant (D:9)
  3 sky beasts
  3 orc warriors
  A black bear (D:9)
  2 phantoms
  An ice beast (D:5)
  A necrophage (D:10)
  7 ogres
  A crocodile (Lair:1)
  A centaur (D:8)
  Blork the orc (D:4)
  7 bullfrogs
  A wyvern skeleton (D:7)
  2 scorpions
  4 killer bees
  2 howler monkeys (D:8)
  7 wights
  2 electric eels (Lair:1)
  A centaur zombie (D:9)
  2 crimson imps
  A quasit (D:9)
  Crazy Yiuf (D:3)
  A hound (D:7)
  A jelly (D:9)
  4 orc priests
  A bullfrog skeleton (D:5)
  An iguana (D:6)
  Natasha (twice) (D:3)
  11 orc wizards
  7 worker ants
  Robin (D:4)
  13 adders
  A shadow imp (D:7)
  3 oozes
  An adder zombie (D:5)
  An adder skeleton (D:9)
  3 worms
  2 dart slugs
  6 leopard geckos
  25 orcs
  4 giant cockroaches
  22 goblins
  7 hobgoblins
  8 jackals
  8 kobolds
  4 quokkas
  7 bats
  2 frilled lizards
  5 rats
  A plant (D:10)
222 creatures vanquished.

Vanquished Creatures (others)
  A fungus (Lair:1)
  A plant (D:10)
2 creatures vanquished.

Grand Total: 224 creatures vanquished

Notes
Turn   | Place    | Note
-------+----------+-------------------------------------------
     0 | D:1      | Kikal the Felid Fire Elementalist began the quest for the Orb.
     0 | D:1      | Reached XP level 1. HP: 7/7 MP: 4/4
    33 | D:1      | Reached skill level 1 in Conjurations
   374 | D:1      | Reached XP level 2. HP: 11/11 MP: 0/6
   483 | D:1      | Reached skill level 3 in Fire Magic
   524 | D:1      | Learned a level 2 spell: Throw Flame
   817 | D:1      | Reached XP level 3. HP: 8/14 MP: 1/7
  1111 | D:2      | Noticed Sigmund
  1179 | D:2      | HP: 1/21 [Sigmund/scythe (8)]
  1183 | D:2      | Killed Sigmund
  1183 | D:2      | Reached skill level 4 in Fire Magic
  1183 | D:2      | Reached XP level 4. HP: 1/18 MP: 0/9
  1183 | D:2      | Reached XP level 5. HP: 1/21 MP: 0/10
  1461 | D:2      | Learned a level 3 spell: Conjure Flame
  2029 | D:2      | Found a blossoming altar of Fedhas.
  2631 | D:3      | Noticed Natasha
  2637 | D:3      | Killed Natasha
  2637 | D:3      | Gained mutation: You are covered in thick fur. (AC +2) [Felid growth]
  2637 | D:3      | Reached XP level 6. HP: 15/24 MP: 4/11
  2831 | D:3      | Learned a level 4 spell: Sticky Flame
  2867 | D:3      | Found a runed door.
  3201 | D:3      | Noticed Natasha
  3227 | D:3      | Killed Natasha
  3433 | D:3      | Found a deep blue altar of Sif Muna.
  3436 | D:3      | Became a worshipper of Sif Muna the Loreminder
  3530 | D:3      | Noticed Crazy Yiuf
  3545 | D:3      | Killed Crazy Yiuf
  3826 | D:4      | Found a sparkling altar of Nemelex Xobeh.
  3832 | D:4      | Mangled by an ogre
  3833 | D:4      | Reached XP level 5. HP: -10/21 MP: 9/10
  3854 | D:4      | Killed an ogre
  3854 | D:4      | Reached skill level 5 in Fire Magic
  3854 | D:4      | Reached XP level 6. HP: 9/24 MP: 7/11
  4118 | D:4      | Noticed Edmund
  4163 | D:4      | Killed Edmund
  4924 | D:4      | Noticed Blork the orc
  4924 | D:4      | Noticed Robin
  5029 | D:4      | Killed Blork the orc
  5029 | D:4      | Reached * piety under Sif Muna
  5029 | D:4      | Reached skill level 5 in Conjurations
  5029 | D:4      | Reached XP level 7. HP: 27/27 MP: 3/12
  5078 | D:4      | Killed Robin
  5612 | D:5      | Entered Level 5 of the Dungeon
  5736 | D:5      | Found a staircase to the Ecumenical Temple.
  5794 | D:5      | Slain by an ice beast
  5795 | D:5      | Reached XP level 6. HP: -1/24 MP: 0/11
  6019 | D:5      | Killed an ice beast
  6019 | D:5      | Reached skill level 6 in Fire Magic
  6438 | D:5      | Found Lygiv's Antique Weapon Shoppe.
  6684 | D:5      | You fall through a shaft for 2 floors!
  6805 | D:7      | Reached XP level 7. HP: 18/27 MP: 0/12
  7226 | D:7      | Found a sacrificial altar of Ru.
  7321 | D:7      | Reached ** piety under Sif Muna
  7519 | D:7      | Reached skill level 7 in Fire Magic
  7661 | D:7      | Reached skill level 5 in Stealth
  7800 | D:6      | Reached skill level 1 in Fighting
  8056 | D:6      | Reached XP level 8. HP: 32/32 MP: 7/13
  8537 | D:5      | Noticed a hippogriff
  8737 | D:5      | Killed a hippogriff
  9944 | D:6      | Found Wuppusecs's General Store.
 10493 | D:6      | Found an ancient bone altar of Kikubaaqudgha.
 10546 | D:6      | Reached skill level 8 in Fire Magic
 10546 | D:6      | Reached XP level 9. HP: 37/37 MP: 4/16
 10628 | D:6      | Learned a level 5 spell: Fireball
 11035 | D:7      | Reached *** piety under Sif Muna
 12048 | D:8      | Found the +2 mace of Variability {chaos}
 12360 | D:8      | Noticed a two-headed ogre
 12375 | D:7      | Reached skill level 5 in Spellcasting
 12694 | D:7      | Killed a two-headed ogre
 12694 | D:7      | Reached skill level 9 in Fire Magic
 12873 | D:8      | Reached **** piety under Sif Muna
 13315 | D:8      | Reached XP level 10. HP: 40/40 MP: 10/18
 14998 | D:9      | Learned a level 1 spell: Confusing Touch
 15161 | D:9      | Reached skill level 1 in Hexes
 15501 | D:10     | Entered Level 10 of the Dungeon
 15591 | D:10     | Found Forchyuz's Armour Shoppe.
 15750 | D:10     | Found Peurem's Magic Scroll Shop.
 15794 | D:10     | Found Dyga's Armour Shop.
 16284 | D:10     | Found a staircase to the Orcish Mines.
 16333 | D:10     | Found a staircase to the Lair.
 16367 | D:10     | Reached skill level 10 in Fire Magic
 16906 | Lair:1   | Entered Level 1 of the Lair of Beasts
 17246 | Lair:1   | Reached ***** piety under Sif Muna
 17528 | Lair:1   | Slain by a porcupine
 17529 | Lair:1   | Reached XP level 9. HP: -4/37 MP: 5/19
 17538 | Lair:1   | Received a gift from Sif Muna
 17572 | Lair:1   | Found a dark tunnel.
 17787 | Lair:2   | Found a staircase to the Swamp.
 17796 | Lair:2   | Noticed a komodo dragon
 18006 | Lair:2   | Noticed a six-headed hydra
 18012 | Lair:2   | Slain by a six-headed hydra

Vault maps used:
D:1:      ncdulo_smallfort
D:2:      fedhas_altar_4, uniq_sigmund
D:3:      lemuel_blue_sif_altar, uniq_natasha, uniq_crazy_yiuf_cottage
D:4:      nemelex_xobeh_ov_fountains_minmay, uniq_edmund, uniq_blork_the_orc,
          uniq_robin
D:5:      minmay_temple_entry_large_hall, first_ration, serial_shops, shop
D:6:      kiku_gazebo_pond_becter, serial_shops, shop, kennysheep_small_circle
D:7:      kennysheep_steamy, kennysheep_mini_moat
D:9:      hangedman_pestilent_swarm
D:10:     david_lair_shrubbed, minmay_orc_entry_guard_dogs, serial_shops,
          nicolae_shop_crystal, shop, nicolae_shop_behind_doors,
          nicolae_two_hexagons
Lair:1:   enter_volcano_2, serial_bayou_lagoon_b
Lair:2:   minmay_swamp_entry_wisps

Skill      XL: |  1  2  3  4  5  6  7  8  9 10 |
---------------+-------------------------------+-----
Conjurations   | 1 3 5 6 8 9 |  9.7
Fire Magic     | 3 4 5 6 7 8 9 10 | 10.0
Spellcasting   | 3 4 5 6 |  6.3
Stealth        | 4 5 |  5.0
Fighting       | 1 2 |  2.5
Hexes          | 3 |  3.1
Dodging        | |  2.6
Unarmed Combat | |  0.6

Action                   |  1- 3 |  4- 6 |  7- 9 | 10-12 || total
-------------------------+-------+-------+-------+-------++-------
Melee: Unarmed           |    12 |    52 |   114 |    40 ||   218
       Bite              |       |     7 |     7 |       ||    14
 Cast: Flame Tongue      |    49 |    84 |   125 |    80 ||   338
       Throw Flame       |       |    53 |    92 |    27 ||   172
       Sticky Flame      |       |     2 |    20 |    20 ||    42
       Conjure Flame     |       |     2 |     5 |     7 ||    14
       Fireball          |       |       |    17 |    10 ||    27
Invok: Divine Energy     |       |       |     1 |       ||     1
Evoke: Wand              |       |       |       |    18 ||    18
  Use: Potion            |     2 |       |     3 |       ||     5
       Scroll            |       |     4 |       |    15 ||    19
 Stab: Sleeping          |     1 |     6 |     3 |       ||    10
  Eat: Chunk             |     8 |    14 |    37 |    14 ||    73
Armor: Skin              |    24 |     6 |     9 |    10 ||    49
Dodge: Dodged            |    43 |    60 |   149 |    73 ||   325

Table legend:
 A = Spawn XP
 B = Non-spawn XP
 C = Spawn XP percentage of total XP
 D = Spawn monster count
 E = Non-spawn monster count
 F = Spawn count percentage of total count
 G = Total turns spent on level
                    A         B        C        D         E        F      G
               +---------+---------+-------+---------+---------+-------+---------
         Total |       0 |   10758 |   0.0 |       0 |     221 |   0.0 | 18012
               +---------+---------+-------+---------+---------+-------+---------
           D:1 |       0 |      45 |   0.0 |       0 |      23 |   0.0 |  1067
           D:2 |       0 |     310 |   0.0 |       0 |      23 |   0.0 |  1489
           D:3 |       0 |     198 |   0.0 |       0 |      16 |   0.0 |  1197
           D:4 |       0 |     517 |   0.0 |       0 |      32 |   0.0 |  2153
           D:5 |       0 |     924 |   0.0 |       0 |      20 |   0.0 |  2410
           D:6 |       0 |     945 |   0.0 |       0 |      17 |   0.0 |  1333
           D:7 |       0 |    2722 |   0.0 |       0 |      35 |   0.0 |  3155
           D:8 |       0 |     624 |   0.0 |       0 |      10 |   0.0 |  1309
           D:9 |       0 |    1888 |   0.0 |       0 |      24 |   0.0 |  1388
          D:10 |       0 |    1308 |   0.0 |       0 |      12 |   0.0 |  1405
        Lair:1 |       0 |    1277 |   0.0 |       0 |       9 |   0.0 |  1077
               +---------+---------+-------+---------+---------+-------+---------
